 Dungeon Crawl Stone Soup version 0.27.1-1-g398f81649c (webtiles) character file.

Game seed: 16202529575924491732

25 nxtlvl the Chopper (level 2, -2/26 HPs)
             Began as a Draconian Berserker on Sept 7, 2021.
             Was a Follower of Trog.
             Slain by Robin (5 damage)
             ... on level 2 of the Dungeon.
             The game lasted 00:02:10 (293 turns).

nxtlvl the Chopper (Draconian Berserker)             Turns: 293, Time: 00:02:10

Health: -2/26      AC:  4    Str: 19    XL:     2   Next: 86%
Magic:  2/2        EV:  9    Int:  7    God:    Trog [*.....]
Gold:   22         SH:  7    Dex: 10    Spells: 1/1 levels left

rFire    . . .     SeeInvis .   a - +0 hand axe
rCold    . . .     Faith    .   f - +0 kite shield
rNeg     . . .     Spirit   .   (armour unavailable)
rPois    .         Reflect  .   (helmet restricted)
rElec    .         Harm     .   (no cloak)
rCorr    .         Rampage  .   (no gloves)
Will     .....                  (no boots)
Stlth    +.........             (no amulet)
HPRegen  0.08/turn              (no ring)
MPRegen  0.08/turn              (no ring)

@: brilliant, on berserk cooldown, slowed, very slow
A: AC +4, unfitting armour, cold-blooded
a: Renounce Religion, Berserk


You were on level 2 of the Dungeon.
You worshipped Trog.
Trog was aware of your devotion.
You visited 1 branch of the dungeon, and saw 2 of its levels.

You collected 22 gold pieces.

Inventory:

Hand Weapons
 a - a +0 hand axe (weapon)
Missiles
 e - 12 sling bullets
Armour
 f - a +0 kite shield (worn)
Scrolls
 b - a scroll of vulnerability {unknown}
 c - a scroll of identify {unknown}
 g - a scroll of magic mapping {unknown}
 h - a scroll of enchant weapon {unknown}
Potions
 d - a potion of brilliance


   Skills:
 - Level 3.2 Fighting
 * Level 4.1 Axes
 - Level 2.6 Dodging


You had one spell level left.
You didn't know any spells.
Your spell library was empty.

Dungeon Overview and Level Annotations

Branches:
Dungeon (2/15)

Altars:

Annotations:
D:2 Robin


Innate Abilities, Weirdness & Mutations

Your plain brown scales are hard. (AC +4)
You cannot fit into any form of body armour.
You are cold-blooded and may be slowed by cold attacks.


Message History

Robin's horned helmet rattles.
You block Robin's attack.
You hit Robin.
Robin is lightly wounded.
Robin hits you but does no damage. You block Robin's attack.
You hit Robin but do no damage.
Robin is lightly wounded.
Robin says, "A pitiful Draconian like you will never find the ORB!"
Robin hits you with a +0 whip. x2
You hit Robin.
Robin is moderately wounded.
Robin hits you with a +0 whip.
* * * LOW HITPOINT WARNING * * *
You block Robin's attack.
You hit Robin but do no damage.
Robin is moderately wounded.
Robin hits you with a +0 whip.
* * * LOW HITPOINT WARNING * * *
Robin closely misses you.
You hit Robin.
Robin is severely wounded.
Robin hits you with a +0 whip.
* * * LOW HITPOINT WARNING * * *
Robin closely misses you.
Robin says, "Kneel, worm!"
Robin drinks a potion.
Robin is healed!
It was a potion of brilliance.
You feel clever all of a sudden. You block Robin's attack.
You hit Robin but do no damage. You tail-slap Robin, but do no damage.
Robin closely misses you. Robin hits you but does no damage.
You hit Robin but do no damage.
Your tail-slap misses Robin.
Robin hits you but does no damage. You block Robin's attack.
You slash Robin! You tail-slap Robin, but do no damage.
Robin is heavily wounded.
Robin closely misses you. Robin barely misses you.
You hit Robin.
Your tail-slap misses Robin.
Robin is severely wounded.
Robin closely misses you. Robin hits you with a +0 whip.
You die...

## ## #.
.#
#.#.####.#
#........#
#.<.#
#...#
##)## #)#
#@#
#...g.#
#.....#
#.......#
##.....##
#.....#
###..##
#...


You could see Robin.

Vanquished Creatures
  A giant cockroach (D:1)
  7 goblins
  7 hobgoblins
  3 kobolds (D:1)
  A bat (D:1)
  2 frilled lizards (D:1)
  A rat (D:1)
22 creatures vanquished.

Notes
Turn   | Place    | Note
-------+----------+-------------------------------------------
     0 | D:1      | nxtlvl the Draconian Berserker began the quest for the Orb.
     0 | D:1      | Reached XP level 1. HP: 19/19 MP: 1/1
   180 | D:1      | Reached XP level 2. HP: 26/26 MP: 2/2
   259 | D:2      | Noticed Robin
   269 | D:2      | Reached skill level 4 in Axes
   293 | D:2      | Slain by Robin

Illustrated notes

Levels and vault maps discovered:
D:1:      ebering_hopf_link, layout_basic, corexii_leaking_fountain
D:2:      layout_loops_corners, hellmonk_ecumenical_altar_prayer_group,
          chequers_serial_rivers_small_a, uniq_robin, uniq_crazy_yiuf_cottage

Skill      XL: |  1  2 |
---------------+-------+-----
Axes           | 4 |  4.1
Fighting       | |  3.2
Dodging        | |  2.6

Action                   || total
-------------------------++-------
Melee: Hand axe          ||    54
       Tailslap          ||     5
Invok: Berserk           ||     2
  Use: Potion            ||     1
Armor: Skin              ||    15
Dodge: Dodged            ||    23
Block: Kite shield       ||    15
